 Dungeon Crawl Stone Soup version 0.27-a0-887-gcab673c142 (webtiles) character file.

Game seed: 9496283162048883336

70 rednaxela the Skirmisher (level 4, 0/29 HPs)
             Began as a Vampire Wanderer on Apr 3, 2021.
             Slain by a scorpion (7 damage)
             ... on level 6 of the Dungeon.
             The game lasted 00:12:14 (2610 turns).

rednaxela the Skirmisher (Vampire Wanderer)         Turns: 2610, Time: 00:12:15

Health: 0/29       AC:  5    Str: 10    XL:     4   Next: 3%
Magic:  7/7        EV:  9    Int: 16    God:
Gold:   197        SH:  4    Dex: 13    Spells: 7/7 levels left

rFire    . . .     SeeInvis +   o - +0 war axe
rCold    + + .     Faith    .   c - +0 buckler
rNeg     + + +     Spirit   .   g - +0 ring mail
rPois    ∞         Reflect  .   (no helmet)
rElec    .         Harm     .   (no cloak)
rCorr    .         Rampage  .   (no gloves)
Will     +....                  (no boots)
Stlth    ++++......             (no amulet)
HPRegen  0.00/turn              l - ring of willpower
MPRegen  0.10/turn              (no ring)

@: lethally poisoned (0 -> 0), bloodless
A: bloodless, fangs 3, see invisible, unbreathing 1, vampiric 2
a: Bat Form, Revivify


You were on level 6 of the Dungeon.
You visited 1 branch of the dungeon, and saw 4 of its levels.

You collected 197 gold pieces.

Inventory:

Hand Weapons
 o - a +0 war axe (weapon)
   (You found it on level 2 of the Dungeon)
Missiles
 b - 90 stones (quivered)
Armour
 c - a +0 buckler (worn)
 g - a +0 ring mail (worn)
   (You found it on level 1 of the Dungeon)
Jewellery
 l - a ring of willpower (left hand)
   (You found it on level 2 of the Dungeon)
Scrolls
 a - a scroll of enchant weapon {unknown}
 e - a scroll of teleportation {unknown}
 h - a scroll of fog {unknown}
 i - a scroll of amnesia {unknown}
 j - a scroll of silence {unknown}
 m - 2 scrolls of vulnerability {unknown}
 n - a scroll of identify {unknown}
 q - a scroll of holy word {unknown}
 r - a scroll of magic mapping {unknown}
Potions
 d - a potion of haste {unknown}
 f - 2 potions of cancellation {unknown}
 k - a potion of berserk rage {unknown}
 p - a potion of lignification {unknown}


   Skills:
 + Level 4.0 Fighting
 - Level 3.0 Stealth
 - Level 1.0 Shields
 - Level 2.0 Spellcasting
 - Level 1.0 Air Magic
 - Level 1.7 Poison Magic


You had 7 spell levels left.
You didn't know any spells.
Your spell library contained the following spells:

 Spells                   Type           Power      Damage    Failure   Level
 Sting                    Tmut/Pois      16%        1d3       50%         1
 Shock                    Conj/Air       12%        1d3       54%         1
 Swiftness                Air            4%         N/A       61%         2
 Spider Form              Tmut/Pois      2%         N/A       86%         3
 Static Discharge         Conj/Air       3%         N/A       88%         3
 Airstrike                Air            2%         N/A       99%         4
 Lightning Bolt           Conj/Air       1%         1d12      100%        5


Dungeon Overview and Level Annotations

Branches:
Dungeon (3/15)

Altars:
Ashenzari
Dithmenos
Hepliaklqana
Qazlal
Zin


Innate Abilities, Weirdness & Mutations

You do not regenerate when monsters are visible.
You are frail without blood (-20% HP).
You can heal yourself when you bite living creatures.
You are immune to poison.
You have razor-sharp teeth.
You have supernaturally acute eyesight. (SInv)
You can survive without breathing.
You are afflicted with vampirism and can become a bat while bloodless.


Message History

p - a bubbling pink potion You open the door.
There is an open door here.
q - a scroll labelled JUEGYZOPNO
Found a stormy altar of Qazlal.
A hobgoblin comes into view.
The hobgoblin shouts!
The hobgoblin hits you but does no damage.
You barely miss the hobgoblin. Your bite misses the hobgoblin.
The hobgoblin hits you.
You barely miss the hobgoblin. You bite the hobgoblin.
The hobgoblin is severely wounded.
The hobgoblin barely misses you. The hobgoblin hits you.
You closely miss the hobgoblin.
The hobgoblin is severely wounded.
The hobgoblin hits you but does no damage.
You hit the hobgoblin.
You kill the hobgoblin!
No target in view!
HP restored.
Found a stone staircase leading up.
An adder comes into view.
The adder hisses angrily.
The adder barely misses you.
You slash the adder!
You kill the adder!
Your Fighting skill increases to level 4!
You have reached level 4!
You fall into a shaft and drop 3 floors!
The shaft crumbles and collapses.
You open the door.
There is an open door here.
Found 14 gold pieces.
Found a broken altar of Ashenzari.
Found 11 gold pieces.
Found 22 gold pieces.
Found a glowing silver altar of Zin.
Found a trident and 68 gold pieces.
Found 53 gold pieces and a mace.
Found 15 arrows.
You open the door.
There is an open door here.
You now have 40 gold pieces (gained 11).
You now have 62 gold pieces (gained 22).
You now have 74 gold pieces (gained 12).
You now have 80 gold pieces (gained 6).
You now have 94 gold pieces (gained 14).
You now have 113 gold pieces (gained 19).
You now have 127 gold pieces (gained 14).
You now have 146 gold pieces (gained 19).
You now have 169 gold pieces (gained 23).
You now have 183 gold pieces (gained 14).
There is an open door here.
You see here a +0 mace.
r - a scroll labelled XADWU WEONERO
Found 14 gold pieces.
Found a stone staircase leading down.
You now have 197 gold pieces (gained 14).
Found a knobbly smoking staff.
A scorpion comes into view.
You see here a staff of death.
You begin bloodletting.
You continue bloodletting. x3
The scorpion stings you.
Keep bloodletting?
You are poisoned.
The scorpion poisons you!
You continue bloodletting.
You feel very sick. The scorpion closely misses you.
You continue bloodletting.
You feel very sick. The scorpion stings you.
* * * LOW HITPOINT WARNING * * *
You are more poisoned.
The scorpion poisons you! The scorpion closely misses you.
Now bloodless.
You closely miss the scorpion.
You bite the scorpion, but do no damage.
The scorpion closely misses you.
You hit the scorpion.
The scorpion is moderately wounded.
The scorpion stings you!
* * * LOW HITPOINT WARNING * * *
The scorpion stings you but does no damage.
You hit the scorpion but do no damage.
The scorpion is moderately wounded.
The scorpion closely misses you. x2
You hit the scorpion but do no damage.
The scorpion is moderately wounded.
The scorpion closely misses you. The scorpion completely misses you.
You closely miss the scorpion.
The scorpion is moderately wounded.
The scorpion stings you but does no damage.
The scorpion stings you.
* * * LOW HITPOINT WARNING * * *
You hit the scorpion.
The scorpion is moderately wounded.
The scorpion closely misses you.
You barely miss the scorpion.
The scorpion is moderately wounded.
The scorpion barely misses you. The scorpion stings you!
You die...

#. #.# #.##.# #.##.#
#.##.# #.##.# #.##.# #
#.##.#############.#####
...............s@.......
#.##.######........#####
#.##........#####...#
#.########..# ....# #.#
#....# ....# #.# #.##.#
###.# ..# #...⌠s# ..#
#.###....#... ..
....#.###.#...


You could see a scorpion.

Vanquished Creatures
  An adder (D:3)
  2 dart slugs
  5 ball pythons
  7 endoplasms
  2 giant cockroaches
  3 goblins (D:1)
  8 hobgoblins
  3 jackals (D:1)
  5 quokkas
  4 bats
  A frilled lizard (D:1)
  3 kobolds
  6 rats
50 creatures vanquished.

Notes
Turn   | Place    | Note
-------+----------+-------------------------------------------
     0 | D:1      | rednaxela the Vampire Wanderer began the quest for the Orb.
     0 | D:1      | rednaxela set off with the following items: a +0 dagger, a
                  | +0 buckler, a +0 robe; and the following spells available
                  | to memorise: Sting, Shock, Swiftness, Spider Form, Static
                  | Discharge, Airstrike, Lightning Bolt
     0 | D:1      | Reached XP level 1. HP: 16/16 MP: 3/3
    60 | D:1      | Reached skill level 2 in Fighting
   424 | D:1      | Reached XP level 2. HP: 19/23 MP: 5/5
   617 | D:1      | Found a faded altar of an unknown god.
   935 | D:1      | Reached skill level 3 in Fighting
  1104 | D:1      | Gained mutation: You are afflicted with vampirism and can
                  | become a bat while bloodless. [Vampire growth]
  1104 | D:1      | Reached XP level 3. HP: 22/29 MP: 6/6
  2368 | D:3      | Found a shadowy altar of Dithmenos.
  2368 | D:3      | Found a hazy altar of Hepliaklqana.
  2372 | D:3      | Noticed a shadow
  2425 | D:3      | Found a stormy altar of Qazlal.
  2486 | D:3      | Reached skill level 4 in Fighting
  2486 | D:3      | Reached XP level 4. HP: 37/37 MP: 7/7
  2495 | D:3      | You fall into a shaft and drop 3 floors!
  2517 | D:6      | Found a broken altar of Ashenzari.
  2589 | D:6      | Noticed a scorpion
  2610 | D:6      | Slain by a scorpion

Illustrated notes

Levels and vault maps discovered:
D:1:      lemuel_arrival_broad_hall, layout_basic, basic_ecumenical_altar,
          st_stairs_5, minmay_pentomino_s4
D:2:      layout_basic, kennysheep_minor_cross, minmay_misc_feat_hallway
D:3:      mumra_celtic_spiral_tile, layout_basic,
          riverfiend_overflow_shadow_ancestor, lemuel_tele_altar,
          gammafunk_ghost_nasty_kobolds
D:6:      layout_basic, lemuel_doored_altar, evilmike_ruin_ashenzari,
          amcnicky_altar_gilded, minmay_temple_entry_mini_moons

Skill      XL: |  1  2  3 |
---------------+----------+-----
Fighting       | 2 3 4 |  4.0
Stealth        | |  3.0
Shields        | |  1.0
Spellcasting   | |  2.0
Air Magic      | |  1.0
Poison Magic   | |  1.7

Action                   |  1- 3 |  4- 6 || total
-------------------------+-------+-------++-------
Melee: Dagger            |   310 |       ||   310
       Bite              |    25 |     1 ||    26
       War axe           |     9 |     7 ||    16
 Abil: Exsanguinate      |       |     1 ||     1
 Stab: Sleeping          |     2 |       ||     2
Armor: Robe              |    16 |       ||    16
       Ring mail         |    92 |     2 ||    94
Dodge: Dodged            |   126 |     9 ||   135
Block: Buckler           |    45 |       ||    45

Table legend: (Time is in decaauts)
 A = Elapsed time spent in this place.
 B = Non-inter-level travel time spent in this place.
 C = Inter-level travel time spent in this place.
 D = Time resting spent in this place.
 E = Time spent auto-exploring this place.
 F = Levels seen in this place.
 G = Mean time per level.
                   A        B        C        D        E       F      G
               +--------+--------+--------+--------+--------+-----+--------+
         Total |   2635 |   2537 |     98 |    105 |   1365 |   4 |  658.8 |
       Dungeon |   2635 |   2537 |     98 |    105 |   1365 |   4 |  658.8 |
               +--------+--------+--------+--------+--------+-----+--------+

Top non-repeatable levels by time:
     D:1: 1594 daAuts
     D:2: 791 daAuts
     D:3: 131 daAuts
     D:6: 117 daAuts
